[Event "Team 45 45 League T60"]
[Site "Internet Chess Club"]
[Date "2014.03.16"]
[Round "3"]
[White "jonesey"]
[Black "Heian"]
[Result "1/2-1/2"]
[WhiteElo "1884"]
[BlackElo "1873"]
[Opening "Three knights game"]
[ECO "C46"]
[Time "15:02:53"]
[TimeControl "2700+45"]

1. e4 e5 2. Nf3 Nc6 3. Nc3 Bc5 4. Bb5 d6 5. d4 exd4 6. Nxd4 Bd7 7. Bxc6 bxc6 8.
O-O Qf6 9. Nf5 Bxf5 10. exf5 Ne7 11. Ne4 Qxf5 12. Nxc5 Qxc5 13. Re1 Kd7 14. Qg4+
Nf5 15. Be3 Qd5 16. Rad1 Qe6 17. Bg5 Qg6 18. Re7+ Kc8 19. Rde1 f6 20. Qc4 Nxe7
21. Qe6+ Kb7 22. Qb3+ Kc8 23. Qe6+ Kb7 24. Qb3+ {Game drawn by mutual agreement}
1/2-1/2

[Event "Team 45 45 League T60"]
[Site "Internet Chess Club"]
[Date "2014.03.11"]
[Round "3"]
[White "kyoroogi"]
[Black "gump12345"]
[Result "1-0"]
[WhiteElo "2207"]
[BlackElo "2010"]
[Opening "Ruy Lopez: Berlin defense, open variation"]
[ECO "C67"]
[Time "22:03:35"]
[TimeControl "2700+45"]

1. e4 e5 2. Nf3 Nc6 3. Bb5 Nf6 4. O-O Nxe4 5. d4 Nd6 6. Bxc6 dxc6 7. dxe5 Nf5 8.
Qxd8+ Kxd8 9. Nc3 Ke8 10. h3 Ne7 11. Ne4 Ng6 12. Re1 h6 13. Bd2 Be7 14. Rad1 Kf8
15. Kh2 Kg8 16. Bc3 h5 17. Neg5 Nh4 18. Nxh4 Bxg5 19. Nf3 Be7 20. Nd4 Kh7 21. e6
Bd6+ 22. Kg1 fxe6 23. Nxe6 Bxe6 24. Rxe6 Rhe8 25. Rde1 Rxe6 26. Rxe6 Rf8 27. Kf1
Bc5 28. f3 Rd8 29. Ke2 Kg8 30. b3 Kf7 31. Re4 Bd6 32. Bd4 a6 33. Be3 g6 34. Bg5
Rd7 35. g4 Bf8 36. Rf4+ Kg7 37. h4 Be7 38. Bxe7 Rxe7+ 39. Re4 Rf7 40. gxh5 gxh5
41. Ke3 Rd7 42. Re6 Kh7 43. c4 Rg7 44. Kf4 Kg8 45. Re5 Rh7 46. Kg5 Kf7 47. Rf5+
Ke7 48. Kg6 Rh8 49. Rxh5 Rg8+ 50. Kf5 Rg2 51. Rh7+ Kd6 52. h5 Rxa2 53. h6 Rh2
54. f4 b5 55. Rh8 bxc4 56. bxc4 a5 57. h7 Kc5 58. Kg6 Rg2+ 59. Kf7 Rh2 60. f5 a4
61. f6 a3 62. Kg6 a2 63. f7 Rg2+ 64. Kh6 Rh2+ 65. Kg5 Rg2+ 66. Kh4 a1=Q 67.
f8=Q+ Kxc4 68. Qf4+ Kc5 69. Qe3+ Kc4 70. Qe4+ Kc5 71. Qxg2 Qxh8 72. Qg8 Qd4+ 73.
Kh5 Qd1+ 74. Qg4 Qh1+ 75. Kg6 Kb6 76. Qd4+ c5 77. Qf6+ Ka7 78. h8=Q Qe4+ 79. Kf7
Qd5+ 80. Qe6 Qf3+ 81. Qhf6 Qh5+ 82. Ke7 Qh7+ 83. Kd8 Qd3+ 84. Qd7 {Black
resigns} 1-0

[Event "Team 45 45 League T60"]
[Site "Internet Chess Club"]
[Date "2014.03.14"]
[Round "3"]
[White "alexping"]
[Black "perikitosax"]
[Result "1/2-1/2"]
[WhiteElo "1837"]
[BlackElo "1999"]
[Opening "QGD: Tarrasch defense"]
[ECO "D32"]
[Time "12:14:50"]
[TimeControl "2700+45"]

1. d4 d5 2. c4 e6 3. Nf3 c5 4. cxd5 exd5 5. Nc3 Nc6 6. Bg5 Be7 7. Bxe7 Ngxe7 8.
dxc5 d4 9. Ne4 O-O 10. e3 dxe3 11. fxe3 Bf5 12. Nd6 Qa5+ 13. Qd2 Qxc5 14. Rc1
Qb6 15. Nc4 Qc7 16. b4 Rad8 17. Qb2 b5 18. Nce5 Qb6 19. Nxc6 Nxc6 20. Rc5 Bd3
21. Bxd3 Rxd3 22. Ke2 Rd6 23. Rhc1 Re8 24. Kf2 Rde6 25. R1c3 h6 26. a3 a6 27.
Rd3 Qb8 28. Qc3 Qb7 29. Qd2 R8e7 30. Rcd5 Qb6 31. Rd6 Qc7 32. Rxe6 Rxe6 33. Rd7
Qb6 34. Qc3 Qb8 35. Qc5 Ne5 36. Nxe5 Qxe5 37. Qxe5 Rxe5 38. Rd8+ Kh7 39. Rd6 Re6
40. Rxe6 fxe6 41. Kf3 Kg6 42. Ke4 Kf6 43. g4 Kg5 44. h3 Kh4 45. Ke5 Kxh3 46.
Kxe6 Kxg4 47. e4 h5 48. e5 h4 49. Kd6 h3 50. e6 h2 51. e7 h1=Q 52. e8=Q Qh6+ 53.
Kc7 Qf6 54. Qe2+ Kg5 55. Kb7 Kf5 56. Qd3+ Kg4 57. Qe4+ Kg3 58. Qe1+ Kf4 59. Qf2+
Ke5 60. Qe3+ Kf5 61. Qd3+ Kg5 62. Qg3+ Kh6 63. Qh3+ Kg6 64. Qd3+ Kf7 65. Qd5+
Kf8 66. Qg2 g5 67. Ka7 Kg7 68. Qe2 Kf7 69. Qh5+ Kg7 70. Qe2 Kg6 71. Qe4+ Kh6 72.
Qh1+ Kg7 73. Qd1 Kf8 74. Qh5 Ke7 75. Qh7+ Qf7 76. Qe4+ Qe6 77. Qh7+ Kf6 78. Qh6+
Kf5 79. Qh5 Kf4 80. Qh2+ Ke4 81. Qe2+ Kf5 82. Qh5 Qf6 83. Qf3+ Kg6 84. Qe4+ Qf5
85. Qc6+ Qf6 86. Qe4+ {Game drawn by repetition} 1/2-1/2

[Event "Team 45 45 League T60"]
[Site "Internet Chess Club"]
[Date "2014.03.15"]
[Round "3"]
[White "laurenpar"]
[Black "bobhill"]
[Result "1-0"]
[WhiteElo "1933"]
[BlackElo "1914"]
[Opening "Réti: Nimzovich-Larsen attack"]
[ECO "A01"]
[Time "09:04:08"]
[TimeControl "2700+45"]

1. b3 d5 2. Nf3 Nf6 3. Bb2 c5 4. g3 Nc6 5. Bg2 d4 6. O-O e5 7. d3 Bf5 8. e4 Bg4
9. Nbd2 h5 10. h3 Be6 11. Ng5 Bd7 12. f4 Bd6 13. f5 h4 14. g4 Nb4 15. Ngf3 Qe7
16. a3 Nc6 17. Qe1 O-O-O 18. Nc4 Bc7 19. Bc1 b5 20. Nb2 Nh7 21. Qxh4 f6 22. Qg3
Rdg8 23. Nh4 Nf8 24. Bd2 g6 25. fxg6 Nxg6 26. Nxg6 Rxg6 27. Rf3 Nd8 28. Nd1 Rhg8
29. Nf2 f5 30. exf5 e4 31. Bf4 exf3 32. Bxc7 Bxf5 33. Bxd8 Kxd8 34. Bxf3 Bc8 35.
Ne4 Rh8 36. Re1 Qc7 37. Kg2 Bb7 38. Qxc7+ Kxc7 39. Kg3 Rgh6 40. Bg2 Kb6 41. Ng5
Bxg2 42. Kxg2 Rf8 43. Kg3 Kc6 44. h4 Kd5 45. Re7 a6 46. h5 Rf1 47. Ne4 Rh1 48.
Kf4 Kc6 49. Kg5 Rh8 50. Re6+ Kd5 51. Rxa6 Rf1 52. Nf6+ Ke5 53. h6 Rh1 54. h7 c4
55. Kg6 Rd8 56. bxc4 bxc4 57. g5 Kf4 58. Re6 Rg1 59. Re4+ Kf3 60. Kh6 cxd3 61.
cxd3 Ra8 62. g6 Rh1+ 63. Nh5 Ra5 64. Re8 Rhxh5+ 65. Kg7 Ra7+ 66. Kg8 Rxa3 67.
h8=Q Rxh8+ 68. Kxh8 Ra1 69. g7 Rh1+ 70. Kg8 Kg4 71. Kf8 Rf1+ 72. Ke7 Re1+ 73.
Kd7 {Black resigns} 1-0

[Event "Team 45 45 League T60"]
[Site "Internet Chess Club"]
[Date "2014.03.17"]
[Round "3"]
[White "MBAStudent"]
[Black "frank001"]
[Result "1/2-1/2"]
[WhiteElo "1743"]
[BlackElo "1814"]
[Opening "Caro-Kann: classical, Spassky variation"]
[ECO "B18"]
[Time "08:50:19"]
[TimeControl "2700+45"]

1. e4 c6 2. d4 d5 3. Nc3 dxe4 4. Nxe4 Bf5 5. Ng3 Bg6 6. Nf3 Nd7 7. h4 h6 8. h5
Bh7 9. Bd3 Bxd3 10. Qxd3 e6 11. Bf4 Qa5+ 12. Bd2 Bb4 13. a3 Bxd2+ 14. Qxd2 Qb6
15. O-O-O Ngf6 16. Rde1 O-O-O 17. Qe2 Rhe8 18. Ne5 Re7 19. Rd1 Qc7 20. Rhe1 Nb6
21. Ne4 Nxe4 22. Qxe4 Nd7 23. Qg4 Nxe5 24. Rxe5 Red7 25. c3 Qxe5 26. dxe5 Rxd1+
27. Qxd1 Rxd1+ 28. Kxd1 c5 29. c4 Kc7 30. Kd2 Kc6 31. Kc3 a6 32. f4 b5 33. b3
Kb6 34. g4 Kc6 35. Kd3 Kb6 36. Kd2 Kc6 37. Kc2 Kb6 38. Kd2 {Game drawn by mutual
agreement} 1/2-1/2

[Event "Team 45 45 League T60"]
[Site "Internet Chess Club"]
[Date "2014.03.15"]
[Round "3"]
[White "OneDirection"]
[Black "kidcobra"]
[Result "0-1"]
[WhiteElo "1538"]
[BlackElo "1817"]
[Opening "QGD: Manhattan variation"]
[ECO "D51"]
[Time "11:00:43"]
[TimeControl "2700+45"]

1. d4 d5 2. c4 e6 3. Nc3 Nf6 4. Bg5 Nbd7 5. e3 Bb4 6. Nf3 h6 7. Bh4 Bxc3+ 8.
bxc3 c5 9. cxd5 exd5 10. Bd3 c4 11. Bf5 Nb6 12. Bc2 Bg4 13. O-O O-O 14. a4 Nbd7
15. Qb1 Bxf3 16. gxf3 Rb8 17. Bg3 Ra8 18. Qxb7 Qe7 19. Qc6 Qe6 20. Qxe6 fxe6 21.
Rab1 Nh5 22. Rb7 Nxg3 23. fxg3 Rf7 24. Bg6 Re7 25. Rfb1 Kf8 26. a5 a6 27. Rc7
Nf6 28. Rxe7 Kxe7 29. Rb7+ Kd6 30. Rb6+ Ke7 31. Kf2 Nd7 32. Rb4 Rb8 33. Bc2 Kd6
34. Rxb8 Nxb8 35. Ba4 Nc6 36. Ke2 Nxa5 37. Kd1 Nc6 38. e4 dxe4 39. fxe4 Ne7 40.
Kc2 e5 41. Kb2 Ng8 42. Ka3 Nf6 43. Bc2 Ng4 44. h4 Ne3 45. Bb1 a5 46. Ka4 Nd1 47.
Kxa5 Nxc3 48. Bc2 exd4 49. Kb4 Ke5 50. Kxc4 Nxe4 51. g4 Nd2+ 52. Kc5 Nf3 53. h5
Kf4 54. Bf5 Nh4 55. Bc2 Ke3 56. Kc4 Nf3 57. Kd5 Kf4 58. Bf5 Nh4 59. Bc2 Kxg4 60.
Bd1+ Kg5 61. Kxd4 Nf5+ 62. Ke5 Ng3 63. Ke6 Nxh5 64. Kf7 g6 65. Be2 Nf4 66. Bd1
h5 67. Ke7 h4 68. Kd6 h3 69. Ke5 Nd3+ 70. Kd4 Nf2 71. Bf3 h2 72. Ke3 h1=Q 73.
Bxh1 Nxh1 74. Kf3 Kh4 75. Kg2 Ng3 76. Kf3 g5 77. Kg2 g4 78. Kh2 Nf5 79. Kh1 Kh3
80. Kg1 g3 81. Kf1 g2+ 82. Kg1 Nd4 83. Kf2 Kh2 84. Ke3 g1=Q+ 85. Ke4 Qg2+ 86.
Kxd4 Qe2 87. Kd5 Qe3 88. Kd6 Qe4 89. Kc5 Qd3 90. Kc6 Qd4 91. Kb5 Qc3 92. Kb6 Qc4
93. Kb7 Qc5 94. Ka8 Qb5 95. Ka7 Kg3 96. Ka8 Kf4 97. Ka7 Ke5 98. Ka8 Kd6 99. Ka7
Kc7 {White resigns} 0-1

[Event "Team 45 45 League T60"]
[Site "Internet Chess Club"]
[Date "2014.03.16"]
[Round "3"]
[White "John3v16"]
[Black "Andressa"]
[Result "1-0"]
[WhiteElo "1621"]
[BlackElo "1462"]
[Opening "Ruy Lopez: old Steinitz defense"]
[ECO "C62"]
[Time "08:13:11"]
[TimeControl "2700+45"]

1. e4 e5 2. Nf3 Nc6 3. Bb5 d6 4. d4 exd4 5. Nxd4 Bd7 6. Nxc6 Bxc6 7. Bxc6+ bxc6
8. Qd3 Nf6 9. Nc3 d5 10. e5 Nd7 11. O-O Bc5 12. Re1 O-O 13. Qg3 g6 14. Bg5 Be7
15. Bh6 Bh4 16. Qf4 Re8 17. g3 Be7 18. Qa4 Nb8 19. Rad1 Bg5 20. Nxd5 cxd5 21.
Bxg5 Qd7 22. Qxd7 Nxd7 23. Rxd5 Nb6 24. Rc5 Rac8 25. b3 Nd7 26. Rd5 Nb6 27. Rd3
c6 28. c4 Rc7 29. Red1 Nc8 30. Bf6 h5 31. Rd8 {Black resigns} 1-0

[Event "Team 45 45 League T60"]
[Site "Internet Chess Club"]
[Date "2014.03.15"]
[Round "3"]
[White "JOFRAN"]
[Black "semperfi"]
[Result "0-1"]
[WhiteElo "1246"]
[BlackElo "1367"]
[Opening "French: advance, Milner-Barry gambit"]
[ECO "C02"]
[Time "18:30:17"]
[TimeControl "2700+45"]

1. e4 e6 2. d4 d5 3. e5 c5 4. c3 Nc6 5. Nf3 Qb6 6. Bd3 Bd7 7. Qe2 Rc8 8. dxc5
Bxc5 9. O-O Nge7 10. Re1 O-O 11. Qc2 Ng6 12. Bd2 Bxf2+ 13. Kh1 Bxe1 14. Bxe1 Qc7
15. Bg3 Nce7 16. Nbd2 Nf5 17. Bxf5 exf5 18. e6 f4 19. exf7+ Rxf7 20. Ng5 Rff8
21. Nxh7 Kxh7 22. Bh4 Qe5 23. Nf3 Bf5 24. Qb3 Qd6 25. Qxb7 Nxh4 26. Nxh4 Be4 27.
Nf3 Rb8 28. Ng5+ Kg8 29. Nxe4 dxe4 30. Qxe4 Rxb2 31. Qc4+ Kh8 32. Qa4 Qg6 33.
Qxa7 Qxg2# {White checkmated} 0-1

[Event "Team 45 45 League T60"]
[Site "Internet Chess Club"]
[Date "2014.03.15"]
[Round "3"]
[White "backrankbrawler"]
[Black "zugknightly"]
[Result "0-1"]
[WhiteElo "1756"]
[BlackElo "1896"]
[Opening "Trompowsky attack (Ruth, Opocenský opening)"]
[ECO "A45"]
[Time "06:37:35"]
[TimeControl "2700+45"]

1. d4 Nf6 2. Bg5 Ne4 3. Bf4 c5 4. e3 Qb6 5. b3 Qb4+ 6. Nd2 cxd4 7. exd4 Qxd4 8.
Be3 Qc3 9. Nf3 Nc6 10. Bd3 Nxd2 11. Bxd2 Qc5 12. O-O d6 13. Be3 Qa5 14. h3 g6
15. Bd2 Qc7 16. Bc3 e5 17. Ng5 Bg7 18. Bc4 O-O 19. Qd2 Qe7 20. Rfe1 Bh6 21. f4
Be6 22. Nxe6 fxe6 23. Qe2 Bxf4 24. Rad1 d5 25. Bb5 Qg5 26. Bd2 Bxd2 27. Qxd2
Qxd2 28. Rxd2 e4 29. Bxc6 bxc6 30. c4 a5 31. Rc2 Rfb8 32. cxd5 cxd5 33. Rc6 Re8
34. Rf1 Re7 35. Rf6 e5 36. Ra6 Rxa6 37. Rxa6 e3 38. Rxa5 Rf7 39. Rxd5 e2 40.
Rxe5 Rf1+ 41. Kh2 e1=Q 42. Rxe1 Rxe1 43. Kg3 Ra1 44. a4 Ra3 {White resigns} 0-1

[Event "Team 45 45 League T60"]
[Site "Internet Chess Club"]
[Date "2014.03.12"]
[Round "3"]
[White "rayonline53"]
[Black "amicusUK"]
[Result "0-1"]
[WhiteElo "1477"]
[BlackElo "1655"]
[Opening "QGD: Janowski variation"]
[ECO "D31"]
[Time "17:00:26"]
[TimeControl "2700+45"]

1. d4 e6 2. c4 d5 3. Nc3 a6 4. e3 Nf6 5. Nf3 dxc4 6. Bxc4 b5 7. Bd3 Bb7 8. Qc2
Nbd7 9. Bd2 c5 10. dxc5 Bxc5 11. Ne4 Rc8 12. Nxf6+ Nxf6 13. Qb1 Qe7 14. Bc3 Bb4
15. Bxb4 Qxb4+ 16. Ke2 O-O 17. Rc1 Qg4 18. Rg1 Rc7 19. h3 Qb4 20. a3 Qd6 21. Rd1
Qe7 22. Rd2 Rfc8 23. Qd1 Ne4 24. Rc2 Nc5 25. Rac1 Nxd3 26. Qxd3 Rxc2+ 27. Rxc2
Rxc2+ 28. Qxc2 Bxf3+ 29. Kxf3 Qd7 30. Ke2 g6 31. Qd3 Qc7 32. g3 Kg7 33. Qc3+
Qxc3 34. bxc3 Kf6 35. Kd3 Ke5 36. f3 Kd5 37. g4 g5 38. f4 h6 39. e4+ Kc5 40. f5
e5 41. Kd2 Kc4 42. Kc2 a5 43. Kb2 Kd3 44. Kb3 Kxe4 45. a4 bxa4+ 46. Kxa4 Kd3 47.
Kb3 e4 48. c4 e3 49. c5 e2 50. c6 e1=Q {White resigns} 0-1

[Event "Team 45 45 League T60"]
[Site "Internet Chess Club"]
[Date "2014.03.15"]
[Round "3"]
[White "losscause"]
[Black "Signalman"]
[Result "0-1"]
[WhiteElo "1588"]
[BlackElo "1685"]
[Opening "Queen's pawn: London system"]
[ECO "A45"]
[Time "10:30:16"]
[TimeControl "2700+45"]

1. d4 Nf6 2. Bf4 e6 3. e3 Nh5 4. Qxh5 d5 5. Nd2 Bd6 6. Be5 Bxe5 7. dxe5 Nc6 8.
Ngf3 Nb4 9. Bd3 h6 10. a3 Nxd3+ 11. cxd3 b6 12. h4 Ba6 13. Qg4 O-O 14. Rh3 Bxd3
15. Rg3 g6 16. Qh5 Kh7 17. Qg4 c5 18. e4 c4 19. Ng5+ hxg5 20. hxg5 Kg7 21. Qf4
Rh8 22. Rh3 Rxh3 23. gxh3 Qh8 24. h4 Rc8 25. exd5 exd5 26. e6 fxe6 27. Qf6+ Kh7
28. Qf7+ Qg7 29. Qxe6 Rc7 30. Qf6 Re7+ {White resigns} 0-1

[Event "Team 45 45 League T60"]
[Site "Internet Chess Club"]
[Date "2014.03.16"]
[Round "3"]
[White "werty"]
[Black "JeffH"]
[Result "0-1"]
[WhiteElo "1524"]
[BlackElo "1623"]
[Opening "Queen's pawn: London system"]
[ECO "A45"]
[Time "14:31:06"]
[TimeControl "2700+45"]

1. d4 Nf6 2. Bf4 g6 3. e3 Bg7 4. Nf3 d6 5. Be2 O-O 6. h3 c5 7. c3 Qb6 8. Qb3 Nc6
9. Nbd2 Na5 10. Qxb6 axb6 11. O-O Nc6 12. a3 Bd7 13. Rfe1 Rfe8 14. Bb5 Nd5 15.
Bh2 Nc7 16. Be2 Nd5 17. Bb5 Nc7 18. Be2 Red8 19. Nc4 Ra6 20. Nxd6 exd6 21. Bxa6
Nxa6 22. Rad1 cxd4 23. exd4 d5 24. Ne5 Nxe5 25. Bxe5 Bf8 26. Bf6 Rc8 27. Bg5 Nc7
28. Bd2 Ba4 29. Rc1 Ne6 30. f3 Bd6 31. Re2 Bb5 32. Ree1 Bg3 33. Re3 Bf4 34. Rxe6
Bxd2 35. Rxb6 Bxc1 36. Rxb5 Rc7 37. Kf2 Rd7 38. a4 Kf8 39. a5 h5 40. Ke2 Ke7 41.
Kd3 Kd6 42. Kc2 Bg5 43. Kd3 Kc7 44. Rxd5 {White resigns} 0-1

[Event "Team 45 45 League T60"]
[Site "Internet Chess Club"]
[Date "2014.03.15"]
[Round "3"]
[White "Electryon"]
[Black "Mitochondria"]
[Result "1/2-1/2"]
[WhiteElo "1519"]
[BlackElo "1473"]
[Opening "Queen's pawn game, Zukertort variation"]
[ECO "D02"]
[Time "15:04:19"]
[TimeControl "2700+45"]

1. Nf3 d5 2. d4 Nf6 3. Nbd2 e6 4. e3 c5 5. b3 Nc6 6. Bb2 Bd7 7. Bd3 Rc8 8. a3
Be7 9. O-O O-O 10. dxc5 Bxc5 11. b4 Be7 12. c4 a6 13. Rc1 dxc4 14. Nxc4 b5 15.
Nce5 Nxe5 16. Nxe5 Qb6 17. Nxd7 Nxd7 18. Bxh7+ Kxh7 19. Qxd7 Qd6 20. Qxc8 Rxc8
21. Rxc8 Qd2 22. Bd4 Bf6 23. Bxf6 gxf6 24. Rc6 a5 25. bxa5 Qxa5 26. Rc5 Qxa3 27.
Rxb5 Kg6 28. Rfb1 f5 29. h3 Qd3 30. Rb8 Kg7 31. h4 e5 32. R8b4 Kg6 33. g3 Kh5
34. Rb8 Kg4 35. Rg8+ Kh3 36. Rf1 Qe4 37. f3 Qxe3+ 38. Rf2 Qe1+ 39. Rf1 Qe3+ 40.
Rf2 Qc1+ 41. Rf1 Qe3+ {Game drawn by repetition} 1/2-1/2

[Event "Team 45 45 League T60"]
[Site "Internet Chess Club"]
[Date "2014.03.12"]
[Round "3"]
[White "AlPearson"]
[Black "ChessMaine"]
[Result "1/2-1/2"]
[WhiteElo "1383"]
[BlackElo "1513"]
[Opening "QGD: Lasker defense"]
[ECO "D56"]
[Time "20:06:33"]
[TimeControl "2700+45"]

1. d4 d5 2. c4 e6 3. Nc3 Nf6 4. Nf3 Be7 5. Bg5 O-O 6. e3 h6 7. Bh4 Ne4 8. Bxe7
Qxe7 9. Rc1 Nxc3 10. Rxc3 b6 11. Bd3 dxc4 12. Bxc4 Ba6 13. Qc2 Bxc4 14. Rxc4 Rc8
15. O-O c5 16. Rc1 Na6 17. Ne5 Rc7 18. Nd3 Rac8 19. dxc5 Nxc5 20. Nxc5 Rxc5 21.
Rxc5 Rxc5 22. Qd1 Qc7 23. Rxc5 Qxc5 24. g3 Qc7 25. b3 Kf8 26. Kf1 Ke7 27. Ke2
Qd6 28. Qxd6+ Kxd6 29. Kd3 f5 30. Kd4 e5+ 31. Kc4 Kc6 32. f3 a6 33. b4 g6 34. h3
g5 35. a3 h5 36. a4 g4 37. hxg4 f4 38. exf4 exf4 39. gxf4 h4 40. f5 h3 41. f6 h2
42. f7 h1=Q 43. f8=Q Qf1+ 44. Kb3 Qd3+ 45. Kb2 Qd2+ 46. Kb3 Qd3+ 47. Kb2 Qd2+
48. Kb3 {Game drawn by mutual agreement} 1/2-1/2

[Event "Team 45 45 League T60"]
[Site "Internet Chess Club"]
[Date "2014.03.15"]
[Round "3"]
[White "Conjurer"]
[Black "conrad9"]
[Result "1/2-1/2"]
[WhiteElo "1174"]
[BlackElo "1381"]
[Opening "Queen's pawn"]
[ECO "A40"]
[Time "16:09:17"]
[TimeControl "2700+45"]

1. d4 e6 2. Bf4 d5 3. e3 c5 4. c3 Nc6 5. Nf3 Nf6 6. h3 Qb6 7. Qc2 cxd4 8. cxd4
Bb4+ 9. Nc3 O-O 10. Bd3 Bxc3+ 11. bxc3 g6 12. O-O Bd7 13. Rab1 Qd8 14. Rxb7 Bc8
15. Rb2 Qe7 16. Rfb1 Re8 17. Bb5 Bd7 18. Qa4 Rec8 19. Ne5 Nxe5 20. Bxe5 Bxb5 21.
Rxb5 Rxc3 22. Rb7 Qe8 23. Qa5 Ne4 24. Rb8 Rc8 25. Rxa8 Rxa8 26. f3 f6 27. fxe4
fxe5 28. exd5 exd4 29. exd4 exd5 30. Qxd5+ Kg7 31. Rb7+ Kh6 32. h4 Qe1+ 33. Kh2
Qxh4+ 34. Kg1 Qe1+ 35. Kh2 Qh4+ 36. Kg1 Qe1+ 37. Kh2 Qh4+ {Game drawn by
repetition} 1/2-1/2

[Event "Team 45 45 League T60"]
[Site "Internet Chess Club"]
[Date "2014.03.15"]
[Round "3"]
[White "chuckh2"]
[Black "AtomicDog"]
[Result "0-1"]
[WhiteElo "1352"]
[BlackElo "1535"]
[Opening "King's Indian: London system"]
[ECO "A45"]
[Time "09:00:32"]
[TimeControl "2700+45"]

1. d4 Nf6 2. Bf4 g6 3. Nf3 Bg7 4. h3 O-O 5. e3 d6 6. Bh2 Be6 7. c4 c5 8. d5 Bf5
9. Nc3 Qb6 10. Qb3 Qxb3 11. axb3 Na6 12. Nb5 Nb4 13. Na3 Nd7 14. Be2 Bxb2 15.
O-O Bxa1 16. Rxa1 Nf6 17. Nd2 Nc2 18. Nxc2 Bxc2 19. Rc1 Bf5 20. f3 a5 21. Ra1
Bd7 22. Bd1 Rfb8 23. e4 b5 24. Bc2 a4 25. bxa4 bxa4 26. Ra2 a3 27. Bf4 Rb2 28.
Bb1 Rxa2 29. Bxa2 Rb8 30. Nb3 Rb4 31. Bc1 Rxc4 32. Bxa3 Ra4 33. Nxc5 Rxa3 34.
Nxd7 Nxd7 35. Bc4 Kg7 36. Bb5 Nc5 37. Kh2 Kf6 38. Bf1 Ke5 39. Kg3 Nxe4+ 40. Kh2
Nd2 41. Bb5 Kxd5 {White resigns} 0-1

[Event "Team 45 45 League T60"]
[Site "Internet Chess Club"]
[Date "2014.03.16"]
[Round "3"]
[White "sdcohle"]
[Black "AdithJosh"]
[Result "0-1"]
[WhiteElo "1410"]
[BlackElo "1452"]
[Opening "Neo-Indian (Seirawan) attack"]
[ECO "E00"]
[Time "15:00:28"]
[TimeControl "2700+45"]

1. d4 Nf6 2. c4 e6 3. Bg5 h6 4. Bxf6 Qxf6 5. Nf3 Nc6 6. e3 b6 7. Nc3 Bb4 8. a3
Bxc3+ 9. bxc3 Bb7 10. Be2 O-O 11. O-O Rad8 12. Qc2 Rfe8 13. Rfd1 Ne7 14. e4 Ng6
15. g3 d6 16. Rd3 Bxe4 17. Qd2 Bxd3 18. Qxd3 e5 19. dxe5 Nxe5 20. Nxe5 Rxe5 21.
Qc2 Rde8 22. Bd3 g6 23. Qd2 Kg7 24. f4 Rc5 25. Rf1 d5 26. f5 g5 27. h4 dxc4 28.
Bc2 Rce5 29. hxg5 Qxg5 30. f6+ Kf8 31. Qg2 Re2 32. Rf2 Qc1+ 33. Kh2 Qxc2 34. Qd5
Rxf2+ 35. Kh3 Rh2+ 36. Kg4 Re4+ 37. Kf3 Rf2# {White checkmated} 0-1

[Event "Team 45 45 League T60"]
[Site "Internet Chess Club"]
[Date "2014.03.13"]
[Round "3"]
[White "dknight"]
[Black "GideonL"]
[Result "0-1"]
[WhiteElo "1319"]
[BlackElo "1464"]
[Opening "Four knights: Scotch, 4...exd4"]
[ECO "C47"]
[Time "17:30:09"]
[TimeControl "2700+45"]

1. e4 e5 2. Nf3 Nc6 3. Nc3 Nf6 4. d4 exd4 5. Nxd4 Nxd4 6. Qxd4 d6 7. Bg5 Be7 8.
Rd1 O-O 9. Bd3 Bd7 10. O-O h6 11. Bh4 a6 12. Rfe1 Bg4 13. Rd2 Re8 14. Bxf6 Bxf6
15. e5 Bxe5 16. Qxg4 Bxh2+ 17. Kxh2 Rxe1 18. Ne4 d5 19. Ng3 Re5 20. Nf5 Qf6 21.
f4 Re6 22. c4 Rd8 23. Re2 Rxe2 24. Bxe2 d4 25. Bd3 Kf8 26. Qf3 c6 27. Ng3 Qe7
28. Nf5 Qe6 29. Ng3 Qe3 30. Qxe3 dxe3 31. Be2 Rd2 32. b3 Rxa2 33. Kh3 Rb2 34.
Kg4 Rxb3 35. Kf3 a5 36. Nf5 a4 37. Bd1 Rb4 38. Nxe3 a3 39. Nc2 Rb3+ 40. Ke2 a2
41. Kd2 Rb2 42. Kc1 Rxc2+ 43. Kxc2 a1=Q 44. Bg4 Qa2+ 45. Kd3 Qxg2 46. Bc8 Qf3+
47. Kd4 Qxf4+ 48. Kc5 Qe5+ 49. Kb6 Qb8 50. Bxb7 Ke7 51. c5 Kd7 52. Ka5 Qxb7 53.
Ka4 g5 54. Ka5 g4 55. Ka4 g3 56. Ka5 Qb5# {White checkmated} 0-1

[Event "Team 45 45 League T60"]
[Site "Internet Chess Club"]
[Date "2014.03.12"]
[Round "3"]
[White "Toalla"]
[Black "Jet1234"]
[Result "0-1"]
[WhiteElo "1258"]
[BlackElo "1439"]
[Opening "Sicilian: Labourdonnais-Löwenthal variation"]
[ECO "B32"]
[Time "18:05:00"]
[TimeControl "2700+45"]

1. e4 c5 2. Nf3 Nc6 3. d4 cxd4 4. Nxd4 e5 5. Nxc6 bxc6 6. c4 Nf6 7. Bg5 Bc5 8.
Be2 O-O 9. O-O h6 10. Bxf6 Qxf6 11. Bf3 Bd4 12. Nc3 Ba6 13. Qa4 c5 14. Nd5 Qd6
15. Qc2 Rab8 16. Rab1 Rfe8 17. b3 Re6 18. Rbd1 Rg6 19. Ne3 Qf6 20. Qd2 Qxf3
{White resigns} 0-1

[Event "Team 45 45 League T60"]
[Site "Internet Chess Club"]
[Date "2014.03.16"]
[Round "3"]
[White "chesschessboy"]
[Black "ffplayer"]
[Result "1/2-1/2"]
[WhiteElo "1384"]
[BlackElo "1132"]
[Opening "King's pawn game"]
[ECO "C50"]
[Time "16:00:22"]
[TimeControl "2700+45"]

1. e4 e5 2. Nf3 Nc6 3. Bc4 h6 4. Nc3 Bc5 5. d3 Nf6 6. Be3 Bxe3 7. fxe3 O-O 8.
Qe2 d6 9. O-O-O Bg4 10. h3 Be6 11. Bb3 Bxb3 12. axb3 a6 13. Rdg1 Ne7 14. g4 Ng6
15. h4 Nh7 16. h5 Nh8 17. Nh4 Ng5 18. Nf5 f6 19. Kd2 Qd7 20. Rf1 Nhf7 21. Nh4
Nd8 22. Ng6 Re8 23. Nd5 Nde6 24. Rxf6 b5 25. Rff1 a5 26. Ra1 b4 27. Ra4 Nf8 28.
Nxf8 Rxf8 29. Rha1 Rab8 30. Rxa5 Nf3+ 31. Kd1 c6 32. Ra7 Qxg4 33. Ne7+ Kh8 34.
Ng6+ Kh7 35. Nxf8+ Rxf8 36. c3 Qg1+ 37. Kc2 Qg5 38. Rf1 Qg4 39. Ra6 Nd4+ 40. Kb1
Nxe2 41. Rxf8 Qg1+ 42. Ka2 Nc1+ 43. Kb1 Ne2+ 44. Ka2 Nc1+ 45. Kb1 Ne2+ 46. Ka2
{Game drawn by repetition} 1/2-1/2

[Event "Team 45 45 League T60"]
[Site "Internet Chess Club"]
[Date "2014.03.15"]
[Round "3"]
[White "JeffH"]
[Black "Bible-Believer"]
[Result "1-0"]
[WhiteElo "1610"]
[BlackElo "1568"]
[Opening "Sicilian defense"]
[ECO "B40"]
[Time "20:00:32"]
[TimeControl "2700+45"]

1. e4 c5 2. Nf3 e6 3. d3 b6 4. g3 Bb7 5. Bg2 d5 6. Nbd2 Nc6 7. O-O Nf6 8. Re1
Be7 9. c3 Qc7 10. Qc2 Rd8 11. a3 O-O 12. exd5 exd5 13. b4 Rfe8 14. d4 Bd6 15.
Rxe8+ Rxe8 16. dxc5 bxc5 17. Nb3 Ne5 18. Nxe5 Bxe5 19. Nxc5 Bc8 20. Bg5 h6 21.
Bxf6 Bxf6 22. Bxd5 Qe5 23. Qb3 Re7 24. Ne4 Bf5 25. Nxf6+ Qxf6 26. Rd1 Re2 27.
Qc4 Bc2 28. Qxe2 {Black resigns} 1-0

[Event "Team 45 45 League T60"]
[Site "Internet Chess Club"]
[Date "2014.03.15"]
[Round "3"]
[White "BotanicalKnight"]
[Black "Chess4Him"]
[Result "1/2-1/2"]
[WhiteElo "1524"]
[BlackElo "1469"]
[Opening "Sicilian: closed, 6.f4"]
[ECO "B25"]
[Time "18:00:43"]
[TimeControl "2700+45"]

1. e4 c5 2. Nc3 Nc6 3. g3 g6 4. Bg2 Bg7 5. d3 d6 6. f4 e6 7. Nf3 Nge7 8. O-O O-O
9. Rb1 Rb8 10. h3 b5 11. a3 a5 12. Be3 Nd4 13. Ne2 Nec6 14. c3 Nxf3+ 15. Bxf3 e5
16. g4 f5 17. exf5 exf4 18. Nxf4 Ne5 19. Bd5+ Kh8 20. fxg6 hxg6 21. d4 cxd4 22.
cxd4 g5 23. Nh5 Nc4 24. Bxc4 bxc4 25. Qd2 Rb5 26. Nxg7 Kxg7 27. Rxf8 Kxf8 28.
Rf1+ Kg7 29. d5 Rb3 30. Bd4+ Kg8 31. Qc2 Qe8 32. Rf6 Qe1+ 33. Rf1 Rg3+ 34. Kh2
Qxf1 35. Kxg3 Qf4+ 36. Kg2 Qxd4 37. Qg6+ Qg7 38. Qe8+ Qf8 39. Qg6+ Qg7 40. Qe8+
Kh7 41. Qh5+ {Game drawn by mutual agreement} 1/2-1/2

[Event "Team 45 45 League T60"]
[Site "Internet Chess Club"]
[Date "2014.03.15"]
[Round "3"]
[White "wildangels"]
[Black "chesskix"]
[Result "0-1"]
[WhiteElo "1105"]
[BlackElo "1340"]
[Opening "Sicilian defense"]
[ECO "B20"]
[Time "10:00:54"]
[TimeControl "2700+45"]

1. e4 c5 2. d3 Nc6 3. Nd2 d6 4. Ngf3 g6 5. g3 Bg7 6. Bg2 Bg4 7. O-O e6 8. c3
Nge7 9. Re1 O-O 10. Qb3 Rb8 11. Nf1 Bxf3 12. Bxf3 Ne5 13. Qd1 N7c6 14. Be3 Nxf3+
15. Qxf3 Ne5 16. Qe2 h5 17. d4 cxd4 18. cxd4 Ng4 19. Bf4 Bxd4 20. Rad1 Bxf2+ 21.
Kg2 Bxe1 22. Bxd6 Qb6 23. Qxe1 Rbd8 24. h3 Rxd6 25. hxg4 Rxd1 26. Qxd1 hxg4 27.
Qxg4 Qxb2+ 28. Kh3 Kg7 29. Ne3 Rh8+ 30. Qh4 Rxh4+ 31. Kxh4 Qh2+ 32. Kg4 Qe2+ 33.
Kf4 Qf2+ {White resigns} 0-1